Map: Heavy Artillery LE

Players

Veleno - Winner!

  • Race: Terran Terran
  • League: Gold
  • Spawn Location: 7:00

Dodi - Winner!

  • Race: Protoss Protoss
  • Spawn Location: 7:00

qqq

  • Race: Terran Terran
  • Spawn Location: 3:00

Massa

  • Race: Terran Terran
  • League: Platinum
  • Spawn Location: 1:00

VOD

Have the link to the VOD?

Description

Time

  • Played on: Nov. 8, 2020, 9:34 a.m.
  • Length: 7:46
Show
View Real Time Build Order
Export as new Build Order

Veleno Terran - Winner!

Build Orders:  

Get SALT Encoding   

  12  0:01  SCV  
  13  0:13  SCV  
  14  0:18  Supply Depot  
  14  0:25  SCV  
  15  0:33  Supply Depot  
  15  0:38  Refinery  
  15  0:54  SCV  
  15  0:56  Barracks  
  16  1:06  SCV  
  17  1:18  SCV  
  18  1:23  Barracks  
  18  1:31  SCV  
  19  1:37  Refinery  
  19  1:44  Marine  
  20  1:49  Factory  
  20  1:51  SCV  
  21  2:02  Marine  
  21  2:03  SCV  
  23  2:21  Marine x2  
  25  2:29  SCV  
  26  2:33  Factory Tech Lab  
  26  2:37  Starport  
  26  2:40  Barracks Reactor, Marine  
  26  2:42  SCV  
  28  2:51  Engineering Bay  
  28  2:55  SCV  
  29  3:24  Marine  
  30  3:29  Supply Depot  
  30  3:42  Marine  
  30  3:47  Orbital Command  
  31  3:50  Marine, Medivac x2, Siege Tank  
  31  3:52  Supply Depot  
  39  4:01  Terran Infantry Weapons Level 1  
  39  4:07  Supply Depot  
  39  4:15  Marine x2  
  41  4:23  Widow Mine  
  43  4:35  Command Center  
  43  4:41  Marine x2  
  45  4:56  Liberator  
  45  4:59  Marine x2  
  50  5:03  Supply Depot  
  50  5:07  SCV  
  51  5:16  Cyclone  
  45  6:49  SCV  
  47  7:01  SCV  
  47  7:13  SCV  
  45  7:25  SCV  
Show
View Real Time Build Order
Export as new Build Order

Dodi Protoss - Winner!

Build Orders:  

Get SALT Encoding   

  12  0:01  Probe (Chrono Boost)  
  13  0:11  Probe (Chrono Boost)  
  14  0:16  Probe (Chrono Boost)  
  15  0:28  Pylon  
  15  0:36  Assimilator  
  15  0:40  Assimilator  
  15  0:46  Probe  
  16  0:51  Gateway  
  16  1:03  Probe (Chrono Boost)  
  17  1:13  Probe (Chrono Boost)  
  17  1:18  Probe (Chrono Boost)  
  19  1:29  Probe  
  20  1:41  Probe  
  20  1:43  Cybernetics Core  
  21  1:54  Probe  
  22  2:03  Nexus  
  22  2:06  Probe  
  23  2:14  Pylon  
  23  2:35  Probe  
  23  2:36  Stargate x2  
  24  2:48  Probe  
  25  3:00  Probe  
  26  3:12  Probe  
  27  3:14  Void Ray x2  
  27  3:24  Probe  
  34  3:36  Probe (Chrono Boost)  
  34  3:47  Probe (Chrono Boost)  
  35  3:51  Probe (Chrono Boost), Void Ray x2  
  36  4:02  Probe  
  45  4:10  Pylon  
  45  4:12  Pylon  
  46  4:18  Probe (Chrono Boost)  
  46  4:20  Assimilator  
  46  4:24  Assimilator  
  46  4:29  Probe (Chrono Boost)  
  47  4:35  Probe (Chrono Boost)  
  49  4:47  Probe (Chrono Boost)  
  49  4:52  Probe (Chrono Boost)  
  50  4:53  Probe (Chrono Boost)  
  51  5:00  Probe  
  51  5:01  Probe, Fleet Beacon  
  53  5:08  Stargate  
  53  5:10  Pylon  
  53  5:12  Probe  
  53  5:13  Probe  
  55  5:28  Probe (Chrono Boost)  
  56  5:30  Probe (Chrono Boost)  
  57  5:39  Probe (Chrono Boost)  
  57  5:41  Probe (Chrono Boost)  
  55  5:44  Probe (Chrono Boost)  
  56  5:56  Probe  
  57  5:57  Void Ray  
  57  5:58  Void Ray x2  
  65  6:08  Probe  
  68  7:28  Pylon x2  
  68  7:32  Stargate  
  68  7:43  Cybernetics Core  
  68  7:46  Forge  
Show
View Real Time Build Order
Export as new Build Order

qqq Terran 

Build Orders:  

Get SALT Encoding   

  12  0:03  SCV  
  13  0:15  SCV  
  14  0:27  SCV  
  15  0:37  Supply Depot  
  15  0:54  Refinery  
  15  0:59  SCV  
  15  1:00  Supply Depot  
  16  1:11  SCV  
  16  1:12  Barracks  
  17  1:23  SCV  
  18  1:35  SCV  
  19  1:47  SCV  
  20  1:58  Command Center  
  20  2:00  SCV  
  21  2:12  SCV  
  22  2:17  Supply Depot  
  22  2:18  Reaper  
  23  2:24  SCV  
  23  2:25  Refinery  
  25  2:39  Orbital Command  
  24  3:07  Factory  
  24  3:09  SCV x2  
  26  3:21  SCV  
  26  3:22  SCV  
  28  3:32  Engineering Bay  
  28  3:33  SCV  
  28  3:34  SCV  
  30  3:45  SCV  
  30  3:46  SCV  
  31  3:57  SCV  
  31  3:58  Starport, SCV  
  31  4:02  Missile Turret  
  33  4:05  Missile Turret  
  33  4:09  SCV  
  34  4:12  Orbital Command  
  34  4:21  SCV  
  35  4:33  SCV  
  35  4:35  Starport Reactor  
  36  4:45  SCV  
  36  4:50  Command Center  
  37  4:53  Missile Turret  
  37  4:57  Missile Turret  
  37  4:58  SCV  
  38  5:00  SCV  
  38  5:05  Refinery  
  39  5:07  Refinery  
  39  5:10  SCV  
  39  5:12  SCV  
  39  5:13  Sensor Tower  
  39  5:14  Viking  
  43  5:20  Viking  
  45  5:22  SCV  
  45  5:24  SCV  
  47  5:34  SCV  
  38  5:37  SCV  
  39  5:44  Viking  
  39  5:46  SCV  
  39  5:49  SCV  
  41  6:03  Viking  
  39  6:26  Marine  
  39  6:29  Viking  
  42  6:35  Supply Depot  
  42  6:44  Marine  
  39  6:58  Supply Depot  
  37  7:02  Marine  
  37  7:19  Marine  
  37  7:21  Supply Depot  
Show
View Real Time Build Order
Export as new Build Order

Massa Terran 

Build Orders: Gas First Reaper Expand 

Get SALT Encoding   

  12  0:00  SCV  
  13  0:12  SCV  
  14  0:23  Supply Depot  
  14  0:24  SCV  
  15  0:31  Refinery  
  15  0:45  SCV  
  15  0:46  Barracks  
  17  0:57  SCV  
  17  1:09  SCV  
  18  1:21  SCV  
  19  1:33  Orbital Command  
  19  1:34  Reaper  
  20  1:51  Command Center  
  20  2:06  Marine  
  21  2:10  SCV  
  22  2:24  Factory  
  22  2:31  Supply Depot  
  22  2:37  Barracks Reactor  
  22  2:39  SCV  
  22  2:43  Engineering Bay  
  23  2:47  Supply Depot  
  23  2:53  SCV  
  24  3:33  SCV  
  25  3:34  Orbital Command  
  24  3:45  SCV  
  24  3:47  Missile Turret  
  25  3:53  Marine x2  
  25  3:54  Missile Turret  
  27  3:56  Factory Tech Lab  
  27  3:57  SCV  
  27  3:59  Barracks  
  28  4:06  Command Center  
  28  4:08  Missile Turret  
  28  4:09  Refinery, SCV x2  
  30  4:10  Marine  
  30  4:11  Marine  
  32  4:17  Missile Turret  
  32  4:23  Terran Infantry Weapons Level 1  
  32  4:25  SCV x2  
  32  4:30  Marine, Missile Turret  
  35  4:35  Siege Tank  
  35  4:37  SCV x2  
  40  4:41  Marine  
  41  4:48  Marine  
  41  4:49  SCV x2  
  44  4:57  Barracks Tech Lab  
  44  5:01  SCV  
  44  5:05  Starport  
  45  5:13  Marine x2  
  47  5:17  Stimpack  
  47  5:19  SCV x2  
  49  5:31  SCV x2, Marine x2  
  53  5:43  SCV  
  40  6:04  Orbital Command  
  40  6:06  SCV  
  41  6:11  Marine  
  41  6:12  Marine x2  
  41  6:18  SCV  
  43  6:29  Marine  
  43  6:30  Marine x2  
  43  6:31  Missile Turret  
  43  6:32  Missile Turret  
  39  6:34  Missile Turret  
  39  6:35  Missile Turret x2  
  39  6:37  Medivac, Missile Turret  
  41  6:41  Cyclone  
  41  6:47  Marine x3  
  43  6:48  SCV x2  
  48  7:04  Marine  
  48  7:05  Marine x2  
  48  7:07  Medivac  
  54  7:30  SCV x2  
Tags
 
Add a new tag
Caveats
  • Supply blocks, unpowered buildings, or Contaminate may cause inaccurate times.
  • Supply counts are checked every 10 seconds.